cohdb
Replays
Latest Replays
All Replays
Popular Replays
Top Player Replays
Match Explorer
How It Works
Community
CoH3 Stats
Reddit
Sign in to upload your games and track your stats! →
Sign in with Steam
Match 44142005
Unlisted
Match 44142005
Overview
Messages
Build Orders
End
Kettenkrad Recon Vehicle
Construct Infanterie Kompanie
MG 42 Machine Gun Team
MG 42 Machine Gun Team
Construct Panzergrenadier Kompanie
GrW 34 Mortar Team
Selects Mechanized Battlegroup
Selects Mobile Repair Stations
Panzergrenadier Squad
Panzergrenadier Squad
Construct Luftwaffe Kompanie
Panzergrenadier Squad
251 Medium Carrier
Support Elements
Panzergrenadier Squad
Selects Wespe Self-propelled Artillery
Garlic bread
Etalier
aminsedgi
年
Latrinenzombie
抖音呆呆河马-英3小程序
多喝热水吧
梧桐
0
0
Comments
sign in to comment!
No comments posted yet!